 Dungeon Crawl Stone Soup version 0.30.0-29-ga12c61a403 (webtiles) character file.

Game seed: 13895556319871379306

18064 thromnambular the Grappler (level 12, -5/118 HPs)
             Began as a Troll Hedge Wizard on June 8, 2023.
             Was a High Priest of Okawaru.
             Slain by a seven-headed hydra (7 damage)
             ... on level 4 of the Lair of Beasts.
             The game lasted 00:26:20 (10363 turns).

thromnambular the Grappler (Troll Hedge Wizard)    Turns: 10363, Time: 00:26:21

Health: -5/118     AC: 17    Str: 21    XL:     12   Next: 24%
Magic:  0/14       EV: 11    Int: 15    God:    Okawaru [*****.]
Gold:   779        SH: 12    Dex: 13    Spells: 8/15 levels left

rFire   . .          .
                       - Unarmed
rCold   . . .        w - +0 kite shield of Ypoggeje {Drain Int+5 Slay+2}
rNeg    . . .        E - +0 swamp dragon scales
rPois   +            c - +1 hat
rElec   .            (no cloak)
rCorr   .            (gloves unavailable)
SInv    +            (boots unavailable)
Will    .....        e - amulet of guardian spirit
Stlth   ++           a - ring of see invisible
HPRegen 1.19/turn    C - +4 ring of protection
MPRegen 0.14/turn

%: guardian spirit
@: heroic
A: large, unfitting armour, claws 3, regeneration 1, shaggy fur 1, tough skin 1
a: Renounce Religion, Heroism, Finesse, Duel


You were on level 4 of the Lair of Beasts.
You worshipped Okawaru.
Okawaru was extremely pleased with you.
You visited 2 branches of the dungeon, and saw 12 of its levels.
You also visited: Sewer.

You collected 779 gold pieces.

Inventory:

Missiles
 p - 4 large rocks (quivered)
 A - 5 javelins
 H - a silver javelin
Armour
 c - a +1 hat (worn)
 l - a +2 kite shield
 w - the +0 kite shield of Ypoggeje (worn) {Drain Int+5 Slay+2}
   (Okawaru gifted it to you on level 3 of the Lair of Beasts)

   Int:       It affects your intelligence (+5).
   Slay:      It affects your accuracy & damage with ranged weapons and melee
   (+2).
   Drain:     It drains your maximum health when unequipped.
 E - +0 swamp dragon scales (worn)
Jewellery
 a - a ring of see invisible (left claw)
 b - an amulet of magic regeneration
 e - an amulet of guardian spirit (around neck)
 f - a ring of poison resistance
 j - a +6 ring of intelligence
 C - a +4 ring of protection (right claw)
 G - a ring of flight
Wands
 i - a wand of mindburst (36)
 n - a wand of digging (13)
 t - a wand of quicksilver (4)
 y - a wand of iceblast (5)
 D - a wand of flame (40)
Scrolls
 h - 2 scrolls of enchant weapon
 z - a scroll of magic mapping
 J - 2 scrolls of amnesia
 K - a scroll of silence
 L - a scroll of noise
Potions
 d - 4 potions of magic
 g - 2 potions of resistance
 k - 3 potions of flight
 m - 3 potions of curing
 o - 3 potions of mutation
 q - 2 potions of heal wounds
 r - 2 potions of cancellation
 s - 2 potions of berserk rage
 u - 4 potions of attraction
 v - a potion of ambrosia
 x - a potion of lignification {unknown}
 B - a potion of brilliance


   Skills:
 - Level 7.1(12.1) Fighting
 - Level 4.5(9.5) Throwing
 - Level 6.0(11.0) Armour
 - Level 3.9(8.9) Dodging
 - Level 1.0(6.0) Stealth
 + Level 8.4(13.4) Shields
 * Level 11.2(16.2) Unarmed Combat
 - Level 2.0 Spellcasting
 - Level 0.6 Conjurations
 - Level 0.6 Summonings
 - Level 0.6 Translocations
 + Level 5.3 Invocations


You had 8 spell levels left.
You knew the following spells:

 Your Spells              Type           Power      Damage    Failure   Level
a - Magic Dart            Conj           12%        1d3       38%         1
b - Blink                 Tloc           6%         N/A       54%         2
c - Momentum Strike       Conj/Tloc      6%         3d8       54%         2
d - Lesser Beckoning      Tloc           6%         N/A       54%         2

Your spell library contained the following spells:

 Spells                   Type           Power      Damage    Failure   Level
 Beastly Appendage        Tmut           2%         N/A       47%         1
 Freeze                   Ice            4%         1d3       47%         1
 Necrotise                Necr           4%         1d4       47%         1
 Sandblast                Erth           2%         2d4       47%         1
 Slow                     Hex            4%         N/A       47%         1
 Static Discharge         Conj/Air       4%         2-3/arc   58%         2
 Cigotuvi's Dreadful Rot  Necr/Pois/Air  2%         N/A       63%         2
 Passwall                 Tmut/Erth      0%         N/A       63%         2
 Wereblood                Tmut           1%         N/A       63%         2
 Hailstorm                Conj/Ice       2%         3d3       82%         3
 Stone Arrow              Conj/Erth      4%         3d7       82%         3
 Vhi's Electric Charge    Tloc/Air       4%         N/A       82%         3
 Mephitic Cloud           Conj/Pois/Air  2%         N/A       83%         3
 Frozen Ramparts          Ice            2%         1d1       85%         3
 Spider Form              Tmut/Pois      1%         N/A       85%         3
 Airstrike                Air            0%         2d(1-17)  99%         4
 Alistair's Intoxication  Tmut/Pois      0%         N/A       100%        5
 Arcjolt                  Conj/Air       1%         1d11      100%        5
 Borgnjor's Vile Clutch   Necr/Erth      0%         N/A       100%        5
 Eringya's Noxious Bog    Tmut/Pois      0%         N/A       100%        6
 Maxwell's Capacitive Co  Air            0%         ∞         100%        8
 Call Imp                 Summ           Unusable   N/A       N/A         2
 Summon Lightning Spire   Summ/Air       Unusable   N/A       N/A         4

Dungeon Overview and Level Annotations

Branches:
Dungeon (8/15)             Temple (0/1) D:7            Lair (4/5) D:8
 Shoals (0/4) Lair:3       Spider (0/4) Lair:2        Sewer (visited)
  Slime: Lair:4-5

Altars:
Dithmenos
Elyvilon
Gozag
Nemelex Xobeh
Okawaru
Ru
Trog
Jiyva

Shops:
D:8 [

Annotations:
D:8 3 runed translucent doors, Sabo's ghost, novice DsBe
Lair:2 exclusion: oklob plant


Innate Abilities, Weirdness & Mutations

You are too large for most types of armour.
You have claws for hands.
Your natural rate of healing is unusually fast.
You are covered in fur. (AC +1)
You have tough skin. (AC +1)


Message History

The skyshark tail-slaps you.
The skyshark bites you but does no damage.
The skyshark tail-slaps you but does no damage.
The skyshark tail-slaps you!
* * * LOW HITPOINT WARNING * * *
The seven-headed hydra bites you.
* * * LOW HITPOINT WARNING * * *
The seven-headed hydra bites you but does no damage.
The seven-headed hydra barely misses you.
The seven-headed hydra bites you but does no damage. x2
The seven-headed hydra bites you.
* * * LOW HITPOINT WARNING * * *
The seven-headed hydra barely misses you.
Okay, then.
Okay, then.
Okay, then.
The skyshark misses you. The skyshark barely misses you. x2
The seven-headed hydra attacks as you move away!
You block the seven-headed hydra's attack.
The seven-headed hydra bites you but does no damage. x3
You block the seven-headed hydra's attack. x2
The seven-headed hydra barely misses you.
You block the skyshark's attack.
The skyshark tail-slaps you but does no damage.
The skyshark tail-slaps you!
* * * LOW HITPOINT WARNING * * *
The skyshark attacks as you move away!
The skyshark bites you but does no damage.
The skyshark tail-slaps you!
* * * LOW HITPOINT WARNING * * *
The skyshark tail-slaps you but does no damage.
The seven-headed hydra attacks as you move away!
The seven-headed hydra bites you.
* * * LOW HITPOINT WARNING * * *
The seven-headed hydra bites you but does no damage.
The seven-headed hydra bites you.
* * * LOW HITPOINT WARNING * * *
The seven-headed hydra bites you but does no damage.
The seven-headed hydra bites you!
You die...

.#....# .... ....... ... .
#....####... #...... ##.#
#....##....# .†....##
#..###........#+##..
..†...P###...##..............
≈†..........................8
~~.†.............D...........
................@l.....^...##
†.†..†.......................
.†................#########..
.†................##### .
.....#....+.#.P........
.....##.##.####....##..
......##†P+###.....#
.....###..##..P.##.....#


You could see a skyshark (berserk) and a seven-headed hydra.

Vanquished Creatures
  Rupert (Lair:3)
  A hydra (Lair:2)
  A pharaoh ant (Lair:2)
  Pikel (D:8)
  2 black mambas (Lair:2)
  3 elephants (Lair:3)
  5 cane toads
  Maggie (D:8)
  3 rime drakes
  5 polar bears
  2 tarantellas (Lair:2)
  A hornet (D:8)
  Prince Ribbit (D:7)
  7 blink frogs
  A jumping spider (Lair:2)
  2 wyverns
  14 yaks
  A basilisk (Lair:3)
  A shadow (D:6)
  Menkaure (D:4)
  10 water moccasins
  Duvessa (D:4)
  2 orc warriors
  4 ice beasts
  A sky beast (D:6)
  A black bear (D:5)
  A centaur (D:8)
  7 wolves
  2 lemures (D:8)
  3 phantoms (D:5)
  A kobold brigand (Sewer)
  9 bullfrogs
  4 scorpions
  7 necrophages (Lair:4)
  Dowan (D:4)
  A howler monkey (D:5)
  2 hounds
  A gnoll bouda (D:6)
  4 jellies
  3 orc priests
  2 orc wizards
  4 iguanas
  Ijyb (D:5)
  9 hell rats
  7 adders
  5 gnolls
  4 river rats (Sewer)
  A shadow imp (D:7)
  3 white imps
  2 worms (D:2)
  2 dart slugs (D:3)
  7 orcs
  7 endoplasms
  3 giant cockroaches (D:4)
  4 hobgoblins
  11 jackals
  12 kobolds
  4 quokkas
  2 training dummies (D:4)
  3 ball pythons
  5 bats
  2 frilled lizards
  A goblin (D:3)
  7 rats
  A butterfly (Lair:2)
228 creatures vanquished.

Notes
Turn   | Place    | Note
-------+----------+-------------------------------------------
     0 | D:1      | thromnambular the Troll Hedge Wizard began the quest for
                  | the Orb.
     0 | D:1      | Reached XP level 1. HP: 16/16 MP: 2/2
   252 | D:1      | Reached skill level 1 in Unarmed Combat
   254 | D:1      | Reached XP level 2. HP: 26/26 MP: 2/4
   293 | D:1      | Found a faded altar of an unknown god.
   300 | D:1      | Got Plato's Folio of Lamentation
   304 | D:1      | Learned a level 2 spell: Blink
   879 | D:2      | Reached XP level 3. HP: 27/32 MP: 5/5
   889 | D:2      | Learned a level 2 spell: Momentum Strike
   965 | D:2      | Reached skill level 1 in Fighting
   966 | D:2      | Reached skill level 2 in Unarmed Combat
  1187 | D:1      | Prayed at the altar of an unknown god.
  1187 | D:1      | Became a worshipper of Warmaster Okawaru
  1187 | D:1      | Reached * piety under Okawaru
  1665 | D:3      | Reached XP level 4. HP: 41/41 MP: 6/6
  1914 | D:3      | Reached skill level 3 in Unarmed Combat
  1944 | D:3      | Learned a level 2 spell: Lesser Beckoning
  2191 | D:4      | Reached XP level 5. HP: 31/49 MP: 3/7
  2288 | D:4      | Found an opulent altar of Gozag.
  2288 | D:4      | Found a sparkling altar of Nemelex Xobeh.
  2338 | D:4      | Noticed Duvessa
  2338 | D:4      | Noticed Dowan
  2352 | D:4      | Killed Duvessa
  2352 | D:4      | Reached ** piety under Okawaru
  2353 | D:4      | Reached skill level 4 in Unarmed Combat
  2353 | D:4      | Reached XP level 6. HP: 51/57 MP: 4/8
  2365 | D:4      | Killed Dowan
  2438 | D:4      | Noticed Menkaure
  2534 | D:4      | Found a glowing drain.
  2564 | Sewer    | Entered a sewer
  2777 | Sewer    | Reached skill level 5 in Unarmed Combat
  2785 | Sewer    | Reached XP level 7. HP: 29/66 MP: 4/9
  2863 | Sewer    | Found a white marble altar of Elyvilon.
  2996 | D:4      | Killed Menkaure
  3072 | D:5      | Entered Level 5 of the Dungeon
  3080 | D:5      | Reached *** piety under Okawaru
  3246 | D:5      | Received a gift from Okawaru
  3247 | D:5      | Reached skill level 6 in Unarmed Combat
  3273 | D:5      | Reached skill level 1 in Throwing
  3368 | D:5      | Reached XP level 8. HP: 75/75 MP: 8/10
  3552 | D:5      | Noticed Ijyb
  3562 | D:5      | Killed Ijyb
  3908 | D:6      | Found a white marble altar of Elyvilon.
  3935 | D:6      | Reached skill level 1 in Invocations
  3983 | D:6      | Found an iron altar of Okawaru.
  4043 | D:6      | Found a sacrificial altar of Ru.
  4043 | D:6      | Found a bloodstained altar of Trog.
  4125 | D:6      | Reached **** piety under Okawaru
  4193 | D:6      | Found a shadowy altar of Dithmenos.
  4443 | D:6      | Reached XP level 9. HP: 68/87 MP: 7/11
  4840 | D:7      | Found a staircase to the Ecumenical Temple.
  4935 | D:7      | Reached skill level 5 in Fighting
  4935 | D:7      | Reached skill level 1 in Shields
  5027 | D:6      | Received a gift from Okawaru
  5099 | D:7      | Noticed Prince Ribbit
  5143 | D:7      | Killed Prince Ribbit
  5845 | D:8      | Reached skill level 7 in Unarmed Combat
  5869 | D:8      | Noticed Maggie
  5874 | D:8      | Killed Maggie
  5964 | D:8      | Found a staircase to the Lair.
  5965 | D:8      | Noticed a rime drake
  5971 | D:8      | Killed a rime drake
  5972 | D:8      | Reached skill level 1 in Armour
  5974 | D:8      | Reached ***** piety under Okawaru
  6083 | D:8      | Found a runed translucent gate.
  6129 | D:8      | Found Ywkoud's Armour Shop.
  6133 | D:8      | Noticed Pikel
  6172 | D:8      | Killed Pikel
  6173 | D:8      | Reached XP level 10. HP: 100/100 MP: 10/12
  6591 | D:8      | Found a runed translucent gate.
  6591 | D:8      | Found a runed translucent gate.
  6601 | D:8      | Noticed Sabo's ghost (novice DsBe)
  6825 | D:8      | Found a viscous altar of Jiyva.
  6842 | Lair:1   | Entered Level 1 of the Lair of Beasts
  7000 | Lair:1   | Reached skill level 5 in Shields
  7102 | Lair:1   | Received a gift from Okawaru
  7218 | Lair:1   | Noticed a cane toad
  7249 | Lair:1   | Reached skill level 8 in Unarmed Combat
  7257 | Lair:1   | Killed a cane toad
  7476 | Lair:1   | Received a gift from Okawaru
  7477 | Lair:1   | Reached XP level 11. HP: 106/109 MP: 13/13
  7689 | Lair:2   | Reached skill level 5 in Armour
  7794 | Lair:2   | Noticed a six-headed hydra
  7803 | Lair:2   | Killed a six-headed hydra
  7803 | Lair:2   | Identified the +0 animal skin of the True Pharaoh {rF++
                  | MP-9 Str+2} (Okawaru gifted it to you on level 2 of the
                  | Lair of Beasts)
  7803 | Lair:2   | Received a gift from Okawaru
  8057 | Lair:2   | Reached skill level 9 in Unarmed Combat
  8319 | Lair:2   | Noticed a pharaoh ant
  8556 | Lair:2   | Killed a pharaoh ant
  8621 | Lair:2   | Found a hole to the Spider Nest.
  8717 | Lair:2   | Noticed an oklob plant
  9317 | Lair:3   | Noticed Rupert
  9322 | Lair:3   | Paralysed by Rupert for 4 turns
  9336 | Lair:3   | Paralysed by Rupert for 2 turns
  9347 | Lair:3   | Killed Rupert
  9348 | Lair:3   | Reached skill level 10 in Unarmed Combat
  9619 | Lair:3   | Identified the +0 kite shield of Ypoggeje {Drain Int+5
                  | Slay+2} (Okawaru gifted it to you on level 3 of the Lair of
                  | Beasts)
  9619 | Lair:3   | Received a gift from Okawaru
  9629 | Lair:3   | Reached XP level 12. HP: 92/118 MP: 11/14
  9754 | Lair:3   | Reached skill level 5 in Invocations
  9785 | Lair:3   | Reached skill level 11 in Unarmed Combat
  9843 | Lair:3   | Found a staircase to the Shoals.
 10031 | Lair:3   | Reached ****** piety under Okawaru
 10347 | Lair:4   | Noticed a seven-headed hydra
 10363 | Lair:4   | HP: 2/118 [seven-headed hydra (6)]
 10363 | Lair:4   | Slain by a seven-headed hydra

Illustrated notes

Levels and vault maps discovered:
D:1:      elethiomel_arrival_maze, layout_rooms,
          shapermc_ecumenical_altar_rom_forum
D:2:      layout_loops_cross
D:3:      layout_loops_ring, minmay_starry_boxes
D:4:      dreamdust_elfheim, layout_rooms, grunt_temple_overflow_opulence,
          gup_sewer_entry_glass, uniq_menkaure
D:5:      layout_loops_ring, minmay_misc_feat_encased, uniq_ijyb
D:6:      layout_loops_ring, nicolae_dithmenos_shadow_blocks,
          mainiacjoe_overflow_catch_the_wave, nicolae_overflow_two_pavilions
D:7:      cheibrodos_quashed, layout_basic, minmay_temple_entry_purple_smoke,
          uniq_prince_ribbit1
D:8:      layout_layer_cave, hellmonk_lair_entry_icy, gammafunk_ghost_ooze,
          kennysheep_windowed_goal, uniq_maggie, uniq_pikel
Lair:1:   layout_misc_corridors, grunt_megastairs_3
Lair:2:   layout_regular_city, nicolae_spider_entry_lesser_pyramids,
          minmay_lair_oklob_items, infiniplex_staircase_pool_2,
          lemuel_fruit_fields
Lair:3:   layout_small_grid, shoals_dummy_entry, serial_forest,
          infiniplex_forest_clump_medium, infiniplex_forest_clump_curved,
          infiniplex_forest_join, infiniplex_forest_lined_4_way,
          infiniplex_forest_clump_C, uniq_rupert
Lair:4:   layout_regular_city, serial_bayou_ford_a, roderic_carrion_pond,
          grunt_megastairs_4, uniq_urug

Skill      XL: |  1  2  3  4  5  6  7  8  9 10 11 12 |
---------------+-------------------------------------+-----
Unarmed Combat | 1 2 3 4 5 6 7 8 10 11 | 11.2
Dodging        | 2 3 |  3.9
Fighting       | 1 2 3 4 6 7 |  7.1
Throwing       | 2 4 |  4.5
Invocations    | 3 4 5 |  5.3
Shields        | 4 6 8 |  8.4
Armour         | 2 4 6 |  6.0
Stealth        | |  1.0
Spellcasting   | |  2.0
Conjurations   | |  0.6
Summonings     | |  0.6
Translocations | |  0.6

Action                     |  1- 3 |  4- 6 |  7- 9 | 10-12 || total
---------------------------+-------+-------+-------+-------++-------
  Melee: Unarmed           |   125 |   134 |   294 |   499 ||  1052
         Dagger            |     3 |       |       |       ||     3
         Punch             |       |       |     6 |       ||     6
  Throw: Large rock        |       |       |    18 |    19 ||    37
         Javelin           |       |       |     2 |     3 ||     5
   Cast: Magic Dart        |     1 |    10 |     2 |       ||    13
 Invoke: Heroism           |       |     1 |     1 |     4 ||     6
  Evoke: Wand              |       |     3 |     2 |    17 ||    22
    Use: Scroll            |     1 |    10 |     8 |     7 ||    26
         Potion            |       |     4 |       |     9 ||    13
   Stab: Sleeping          |     2 |       |       |       ||     2
         Paralysed         |       |       |       |     2 ||     2
 Armour: Robe              |    51 |    47 |    56 |       ||   154
         Swamp dragon scal |       |       |    23 |   290 ||   313
  Dodge: Dodged            |    55 |    70 |   109 |   204 ||   438
  Block: Kite shield       |       |       |    74 |   340 ||   414
